Map: Rhoskallian LE

Players

qqq

  • Race: Protoss Protoss
  • League: Platinum
  • Spawn Location: 11:00

Massa

  • Race: Terran Terran
  • League: Platinum
  • Spawn Location: 12:00

VeSnA - Winner!

  • Race: Protoss Protoss
  • League: Diamond
  • Spawn Location: 5:00

Chernomor - Winner!

  • Race: Zerg Zerg
  • League: Diamond
  • Spawn Location: 6:00

VOD

Have the link to the VOD?

Description

Time

  • Played on: Dec. 13, 2020, 12:04 p.m.
  • Length: 20:06
Show
View Real Time Build Order
Export as new Build Order

qqq Protoss 

Build Orders: Carriers 

Get SALT Encoding   

  12  0:01  Probe  
  13  0:15  Pylon  
  13  0:36  Probe  
  13  0:39  Pylon  
  14  0:48  Probe  
  15  0:58  Forge  
  15  1:00  Probe  
  16  1:16  Pylon  
  16  1:36  Photon Cannon  
  16  1:43  Pylon  
  16  1:55  Pylon  
  16  2:09  Photon Cannon  
  16  2:21  Probe  
  16  2:33  Probe  
  17  2:43  Nexus  
  17  2:56  Probe  
  18  3:01  Pylon  
  18  3:04  Assimilator  
  18  3:08  Probe, Assimilator  
  18  3:20  Probe  
  18  3:21  Gateway  
  19  3:32  Probe  
  20  3:44  Probe  
  21  3:57  Probe (Chrono Boost)  
  22  4:08  Probe (Chrono Boost), Cybernetics Core  
  23  4:13  Probe (Chrono Boost)  
  23  4:14  Probe (Chrono Boost)  
  25  4:22  Probe (Chrono Boost)  
  27  4:24  Probe (Chrono Boost)  
  27  4:27  Probe (Chrono Boost)  
  27  4:28  Probe (Chrono Boost)  
  27  4:30  Photon Cannon  
  29  4:31  Pylon  
  29  4:39  Probe  
  30  4:48  Assimilator  
  30  4:51  Probe, Assimilator  
  30  4:52  Stargate  
  31  4:53  Stargate  
  31  5:00  Protoss Air Weapons Level 1  
  31  5:01  Pylon  
  31  5:04  Probe  
  31  5:05  Probe  
  33  5:15  Stalker  
  33  5:16  Shield Battery  
  35  5:36  Phoenix  
  35  5:37  Phoenix  
  35  5:41  Probe x2  
  41  5:53  Probe (Chrono Boost)  
  43  5:58  Probe (Chrono Boost)  
  43  6:02  Phoenix  
  43  6:03  Probe (Chrono Boost)  
  46  6:07  Probe (Chrono Boost)  
  46  6:08  Probe (Chrono Boost)  
  46  6:09  Phoenix  
  50  6:17  Probe  
  51  6:19  Probe  
  52  6:27  Phoenix  
  52  6:29  Probe  
  52  6:32  Pylon  
  55  6:34  Phoenix  
  57  6:41  Probe  
  58  6:52  Phoenix  
  60  6:59  Phoenix  
  62  7:12  Fleet Beacon  
  62  7:17  Phoenix  
  62  7:21  Nexus  
  62  7:22  Protoss Air Armor Level 1  
  54  7:51  Phoenix x2  
  58  8:09  Photon Cannon  
  58  8:11  Probe  
  58  8:12  Pylon  
  59  8:16  Phoenix x2  
  63  8:39  Probe (Chrono Boost), Tempest (Chrono Boost), Carrier (Chrono Boost)  
  64  8:43  Photon Cannon  
  64  8:46  Assimilator  
  76  8:49  Probe (Chrono Boost)  
  76  8:51  Assimilator  
  76  8:53  Probe (Chrono Boost)  
  77  9:05  Probe  
  77  9:07  Pylon  
  78  9:10  Pylon  
  78  9:14  Carrier, Nexus  
  84  9:17  Probe  
  85  9:29  Probe  
  86  9:33  Photon Cannon  
  86  9:36  Photon Cannon, Carrier  
  92  9:41  Probe  
  93  9:49  Anion Pulse-Crystals  
  87  9:53  Probe  
  80  10:05  Probe  
  81  10:19  Carrier  
  87  10:21  Shield Battery  
  87  10:24  Probe  
  87  10:25  Photon Cannon  
  88  10:29  Photon Cannon  
  88  10:30  Pylon  
  88  10:32  Assimilator  
  88  10:34  Void Ray  
  88  10:36  Probe  
  88  10:39  Assimilator  
  93  10:44  Robotics Facility  
  93  10:45  Pylon  
  93  10:48  Probe, Stargate  
  89  10:59  Protoss Air Weapons Level 2 (Chrono Boost)  
  89  11:00  Probe  
  90  11:05  Probe  
  90  11:07  Photon Cannon  
  90  11:09  Photon Cannon  
  91  11:12  Probe  
  91  11:13  Carrier  
  91  11:17  Phoenix  
  95  11:19  Probe (Chrono Boost)  
  95  11:24  Mothership (Chrono Boost)  
  102  11:29  Probe (Chrono Boost)  
  102  11:31  Observer  
  112  11:36  Probe (Chrono Boost)  
  112  11:39  Probe (Chrono Boost)  
  113  11:42  Probe  
  114  11:49  Probe  
  114  11:50  Tempest  
  114  11:53  Observer  
  121  11:54  Probe  
  121  11:59  Photon Cannon, Phoenix  
  124  12:06  Probe  
  117  12:14  Observer  
  110  12:17  Phoenix  
  110  12:18  Probe  
  111  12:35  Observer  
  112  12:38  Pylon  
  112  12:42  Probe  
  113  12:54  Probe  
  114  12:59  Nexus  
  114  13:03  Pylon  
  114  13:06  Probe, Tempest, Carrier, Pylon  
  114  13:07  Tempest  
  114  13:09  Pylon  
  114  13:11  Probe, Pylon  
  130  13:14  Pylon  
  130  13:18  Probe  
  126  13:23  Probe  
  127  13:30  Probe  
  128  13:35  Probe  
  129  13:42  Probe, Photon Cannon  
  129  13:47  Probe  
  131  13:49  Tempest x2  
  131  13:54  Probe  
  141  14:06  Probe  
  140  14:10  Tempest  
  140  14:15  Observer  
  146  14:19  Probe  
  143  14:32  Tempest, Carrier  
  143  14:37  Observer  
  129  14:53  Tempest  
  134  15:10  Stargate  
  129  15:15  Tempest  
  129  15:16  Stargate  
  111  15:36  Tempest, Carrier  
  117  15:56  Observer  
  118  15:57  Photon Cannon, Carrier  
  118  15:58  Carrier  
  130  16:06  Protoss Air Armor Level 2  
  130  16:13  Photon Cannon  
  130  16:14  Shield Battery  
  130  16:19  Phoenix  
  130  16:21  Probe x2, Photon Cannon, Shield Battery  
  130  16:24  Pylon  
  133  16:33  Probe  
  133  16:34  Probe  
  133  16:35  Tempest  
  140  16:40  Phoenix  
  140  16:44  Phoenix  
  140  16:45  Probe  
  140  16:46  Probe  
  140  16:54  Observer  
  140  16:58  Probe  
  142  17:01  Probe, Tempest  
  142  17:02  Phoenix  
  142  17:06  Carrier  
  155  17:09  Tempest  
  155  17:13  Mothership (Chrono Boost)  
  155  17:14  Assimilator  
  161  17:18  Probe (Chrono Boost), Tempest, Assimilator  
  174  17:27  Tempest  
  174  17:28  Probe (Chrono Boost)  
  123  17:44  Tempest  
  124  17:51  Tempest  
  127  18:00  Tempest  
  132  18:09  Tempest  
  132  18:10  Phoenix  
  139  18:23  Nexus  
  139  18:26  Pylon  
  139  18:27  Phoenix  
  139  18:28  Pylon  
  139  18:32  Pylon  
  136  18:34  Phoenix  
  136  18:35  Phoenix, Pylon  
  136  18:39  Pylon  
  140  18:41  Pylon  
  140  18:43  Pylon  
  140  18:44  Carrier  
  140  18:47  Pylon  
  146  18:52  Carrier, Phoenix  
  154  19:05  Tempest x2  
  164  19:14  Photon Cannon  
  164  19:16  Photon Cannon  
  164  19:20  Photon Cannon  
  164  19:23  Photon Cannon  
  170  19:25  Assimilator  
  170  19:26  Shield Battery  
  170  19:29  Assimilator  
  170  19:33  Observer  
Show
View Real Time Build Order
Export as new Build Order

Massa Terran 

Build Orders:  

Get SALT Encoding   

  12  0:00  SCV  
  13  0:12  SCV  
  14  0:24  SCV  
  14  0:25  Supply Depot  
  15  0:36  Refinery  
  15  0:46  SCV  
  15  0:48  Barracks  
  16  0:55  Refinery  
  16  0:59  SCV  
  17  1:12  SCV  
  18  1:24  SCV  
  19  1:36  SCV  
  20  1:48  SCV  
  20  1:51  Supply Depot  
  21  2:00  SCV  
  22  2:05  Factory  
  22  2:06  Marine  
  23  2:12  Orbital Command  
  23  2:27  Marine  
  24  2:42  Supply Depot  
  24  2:44  Supply Depot  
  24  2:52  Starport  
  24  2:53  Factory Tech Lab  
  24  2:54  Marine  
  25  3:14  Command Center  
  25  3:34  Fusion Core  
  25  3:42  Hellion  
  25  3:43  Marine  
  25  3:44  Supply Depot  
  25  3:48  SCV  
  29  3:56  Engineering Bay  
  29  4:00  SCV  
  29  4:01  Marine  
  31  4:26  Battlecruiser  
  37  4:34  Missile Turret  
  37  4:37  Orbital Command  
  38  4:38  SCV  
  38  4:50  SCV  
  39  4:53  Weapon Refit  
  39  5:00  Widow Mine  
  39  5:04  Barracks Tech Lab  
  41  5:08  SCV x2  
  41  5:11  Barracks  
  43  5:30  Battlecruiser  
  43  5:56  Marine, Missile Turret  
  44  5:58  Stimpack  
  44  6:00  Factory Tech Lab  
  44  6:01  Barracks Reactor  
  44  6:03  Barracks  
  44  6:07  Barracks  
  44  6:10  SCV  
  44  6:11  SCV  
  46  6:14  Marine  
  46  6:17  Supply Depot  
  47  6:22  Sensor Tower  
  47  6:23  SCV x2  
  49  6:27  Missile Turret  
  49  6:29  Command Center  
  49  6:42  SCV x2  
  51  6:54  SCV  
  52  7:05  Supply Depot  
  52  7:06  SCV x2  
  54  7:08  Barracks Reactor, Barracks Tech Lab  
  54  7:10  Marauder, Marine  
  54  7:12  Marine  
  58  7:18  SCV x2  
  60  7:27  Supply Depot  
  60  7:30  SCV  
  61  7:51  Supply Depot  
  55  7:59  SCV x2  
  57  8:11  SCV x2  
  59  8:13  Marine x6  
  59  8:15  Supply Depot  
  59  8:17  Siege Tank  
  59  8:18  Combat Shield  
  68  8:21  Concussive Shells  
  68  8:23  SCV, Medivac  
  68  8:26  SCV  
  72  8:27  Missile Turret  
  72  8:28  Refinery  
  72  8:29  Refinery, Missile Turret  
  72  8:30  Missile Turret  
  72  8:31  Marine x5  
  72  8:32  Marauder  
  79  8:35  SCV  
  79  8:37  Barracks  
  79  8:38  SCV  
  79  8:39  Barracks  
  81  8:43  Planetary Fortress  
  81  8:47  SCV  
  82  8:48  Marine  
  82  8:49  Marine  
  82  8:50  Marauder  
  82  8:51  SCV  
  82  8:52  Missile Turret  
  82  8:53  Marauder, Medivac  
  91  8:59  SCV  
  92  9:03  SCV  
  92  9:07  Marine x4  
  97  9:11  SCV, Marauder  
  97  9:15  SCV, Marauder  
  103  9:23  SCV  
  103  9:24  SCV, Marine  
  105  9:25  Marine x2  
  105  9:26  Siege Tank  
  105  9:27  SCV, Marine  
  113  9:32  Marauder  
  113  9:36  SCV x2, Marauder  
  119  9:39  SCV  
  119  9:42  Marine  
  120  9:48  SCV  
  114  9:54  Marauder  
  97  10:10  Marauder  
  97  10:11  Marine  
  93  10:15  Marauder  
  93  10:20  Siege Tank  
  89  10:21  Marine x2  
  89  10:22  Marine  
  89  10:27  Command Center  
  92  10:28  Marine  
  92  10:30  Refinery  
  92  10:31  Missile Turret  
  92  10:32  Refinery, Marauder  
  92  10:33  Terran Infantry Weapons Level 1  
  95  10:36  Marauder  
  95  10:38  Armory  
  95  10:39  Marine x2  
  95  10:40  Engineering Bay, Marine  
  100  10:43  Armory  
  100  10:46  Marine  
  101  10:52  Siege Tank  
  101  10:53  Marauder  
  106  10:57  Marine x2  
  106  10:58  Marauder, Marine  
  106  11:02  Command Center  
  111  11:04  Marine  
  112  11:15  Marauder, Marine x3  
  112  11:17  Sensor Tower  
  117  11:19  Marauder  
  117  11:22  Marine, Medivac  
  122  11:26  Terran Infantry Armor Level 1  
  122  11:29  Terran Vehicle Weapons Level 1  
  122  11:31  Terran Vehicle And Ship Armor Level 1  
  122  11:32  Marine  
  122  11:33  Marine x2  
  122  11:39  Marauder  
  127  11:40  Marine  
  127  11:41  Marauder  
  130  11:47  Supply Depot  
  130  11:49  Supply Depot  
  130  11:50  Marine, Supply Depot  
  130  11:52  Medivac, Supply Depot  
  128  12:00  Marauder  
  126  12:05  SCV x3  
  126  12:06  Planetary Fortress  
  129  12:17  SCV x3  
  132  12:29  SCV x3  
  135  12:31  Marauder  
  135  12:32  Marauder, Missile Turret x2  
  139  12:37  Missile Turret  
  139  12:38  Barracks  
  139  12:41  SCV  
  140  12:44  Thor  
  146  12:53  Marauder x2  
  146  12:54  Missile Turret  
  146  12:55  Missile Turret  
  129  12:59  Missile Turret  
  129  13:06  Marine x2  
  129  13:07  Marine x2  
  128  13:14  Marauder x2  
  132  13:24  Marine x2  
  132  13:25  Marine x2  
  136  13:27  Siege Tank  
  136  13:31  Marine  
  140  13:36  Marauder x2  
  140  13:39  SCV x4, Barracks x2  
  148  13:42  Marine x4, Planetary Fortress  
  152  13:48  Marine  
  152  13:51  SCV, Medivac  
  152  13:52  SCV  
  157  13:55  Starport  
  157  13:57  Marauder, Marine  
  157  13:59  Siege Tank  
  157  14:00  Marine  
  158  14:20  Medivac  
  160  14:31  Siege Tank  
  115  15:41  Medivac  
  114  15:44  Starport Reactor  
  114  15:45  Barracks Reactor, Barracks Tech Lab  
  114  15:46  Barracks Tech Lab  
  114  15:49  Marine  
  119  15:50  Marauder x2, Marine  
  119  15:51  Marine x2  
  119  15:55  SCV  
  119  15:56  SCV x2, Missile Turret x2  
  125  15:58  Missile Turret  
  125  16:02  Refinery  
  125  16:04  Refinery  
  125  16:06  Marine  
  125  16:10  Medivac, Missile Turret  
  125  16:11  Marauder x2, Missile Turret x2  
  132  16:12  Terran Infantry Armor Level 2  
  132  16:13  Terran Infantry Weapons Level 2, Missile Turret  
  132  16:15  Terran Vehicle And Ship Armor Level 2  
  132  16:16  Terran Vehicle Weapons Level 2  
  132  16:18  Missile Turret x2  
  132  16:19  Missile Turret, Thor  
  132  16:22  Factory  
  138  16:28  Marine x6  
  138  16:29  Marine x2  
  138  16:30  Missile Turret  
  138  16:31  Factory x2  
  138  16:32  Marauder x2, Missile Turret  
  150  16:37  Medivac x2  
  154  16:46  Marine  
  155  16:48  Marine x2  
  155  16:57  Supply Depot  
  155  16:58  Supply Depot  
  155  16:59  Supply Depot  
  155  17:00  Refinery  
  155  17:03  Supply Depot  
  155  17:10  Sensor Tower  
  155  17:18  Marine x2, Thor  
  155  17:19  Marine x2, Medivac x2  
  155  17:20  Marauder  
  155  17:21  Marine x5  
  176  17:22  Supply Depot  
  176  17:23  Supply Depot  
  176  17:25  Supply Depot  
  176  17:26  Sensor Tower  
  176  17:29  Supply Depot  
  176  17:32  Refinery  
  176  17:34  Refinery  
  176  17:36  Marine  
  177  17:37  Marauder, Marine  
  177  17:39  Marauder x2, Marine x2  
  186  17:44  Marauder  
  186  17:48  Sensor Tower  
  186  17:50  Supply Depot  
  133  17:59  Marauder  
  133  18:01  Marauder  
  110  18:08  Marauder x2, Marine  
  110  18:09  Marine x5  
  110  18:10  Factory Tech Lab x3  
  113  18:17  Missile Turret  
  113  18:19  Missile Turret  
  113  18:20  Marauder  
  113  18:22  Marauder  
  113  18:26  Marine  
  118  18:29  Marauder  
  118  18:30  Marauder  
  122  18:35  Missile Turret, Thor x2  
  122  18:38  Missile Turret  
  133  18:41  Marauder  
  133  18:43  Marauder  
  128  18:50  Marauder  
  128  18:55  Missile Turret  
  129  18:58  Missile Turret  
  129  19:02  Medivac x2  
  96  19:17  Missile Turret  
  87  19:42  Command Center  
Show
View Real Time Build Order
Export as new Build Order

VeSnA Protoss - Winner!

Build Orders: Carriers 

Get SALT Encoding   

  12  0:00  Probe  
  13  0:12  Probe  
  14  0:18  Pylon  
  14  0:25  Probe  
  15  0:37  Probe  
  15  0:41  Gateway  
  16  0:45  Assimilator  
  16  0:51  Probe  
  17  1:04  Probe  
  18  1:16  Probe, Forge  
  19  1:28  Probe  
  20  1:38  Cybernetics Core  
  20  1:40  Probe  
  20  1:52  Probe  
  21  1:57  Assimilator  
  21  2:04  Probe  
  22  2:16  Probe  
  22  2:20  Pylon  
  23  2:27  Warp Gate (Chrono Boost)  
  23  2:38  Stalker  
  25  2:48  Probe  
  26  3:08  Stalker  
  26  3:12  Nexus  
  28  3:13  Pylon  
  28  3:17  Stargate  
  28  3:36  Probe  
  28  3:38  Stalker  
  31  3:48  Probe  
  31  3:52  Void Ray (Chrono Boost)  
  32  4:01  Probe  
  37  4:07  Photon Cannon  
  37  4:08  Protoss Air Weapons Level 1 (Chrono Boost)  
  37  4:13  Probe, Assimilator  
  38  4:19  Assimilator  
  38  4:25  Probe  
  38  4:26  Probe, Stargate  
  40  4:37  Probe, Void Ray  
  43  4:38  Probe  
  46  4:49  Probe  
  46  4:50  Probe  
  48  5:05  Probe, Void Ray  
  48  5:06  Probe  
  54  5:27  Pylon  
  54  5:31  Pylon  
  54  5:39  Void Ray  
  54  5:44  Probe  
  54  5:45  Probe  
  59  5:52  Void Ray  
  59  5:56  Probe  
  60  5:57  Probe  
  60  6:03  Fleet Beacon  
  65  6:08  Probe  
  65  6:10  Probe  
  67  6:32  Protoss Air Armor Level 1 (Chrono Boost)  
  67  6:36  Probe x2  
  69  6:50  Pylon  
  69  6:51  Void Ray  
  69  6:53  Probe  
  70  7:06  Anion Pulse-Crystals (Chrono Boost)  
  70  7:07  Photon Cannon  
  70  7:08  Probe, Phoenix  
  70  7:09  Pylon  
  70  7:11  Pylon  
  73  7:20  Nexus  
  73  7:28  Stalker  
  75  7:33  Phoenix  
  77  7:42  Phoenix  
  75  7:58  Phoenix  
  77  8:06  Probe x2  
  77  8:10  Flux Vanes  
  77  8:11  Assimilator  
  79  8:15  Assimilator  
  79  8:16  Pylon  
  79  8:17  Protoss Shields Level 1 (Chrono Boost)  
  79  8:18  Probe x2  
  81  8:20  Photon Cannon  
  81  8:22  Shield Battery  
  81  8:26  Twilight Council  
  81  8:27  Protoss Air Weapons Level 2 (Chrono Boost)  
  81  8:31  Pylon  
  81  8:32  Pylon  
  81  8:33  Probe  
  81  8:34  Probe  
  83  8:37  Phoenix x2  
  87  8:45  Probe  
  87  8:46  Probe x2  
  90  8:58  Probe, Stargate  
  90  9:00  Probe x2  
  90  9:02  Phoenix  
  95  9:05  Phoenix  
  97  9:10  Probe  
  98  9:27  Phoenix  
  100  9:32  Probe x2  
  98  9:58  Phoenix x3  
  99  10:09  Probe x3  
  100  10:18  Void Ray (Chrono Boost)  
  100  10:19  Void Ray (Chrono Boost)  
  100  10:21  Probe  
  100  10:23  Phoenix (Chrono Boost)  
  100  10:24  Probe x2  
  113  10:28  Charge (Chrono Boost)  
  113  10:32  Protoss Air Weapons Level 3 (Chrono Boost)  
  113  10:33  Probe  
  114  10:36  Probe x2  
  114  10:39  Void Ray (Chrono Boost)  
  120  10:49  Void Ray (Chrono Boost)  
  120  10:50  Nexus  
  120  10:52  Pylon  
  120  10:55  Pylon  
  122  11:02  Probe x2  
  122  11:06  Carrier (Chrono Boost)  
  122  11:08  Assimilator  
  126  11:12  Assimilator  
  132  11:23  Probe x2  
  132  11:24  Carrier (Chrono Boost)  
  134  11:33  Photon Cannon  
  134  11:36  Photon Cannon  
  134  11:38  Photon Cannon  
  140  11:40  Carrier (Chrono Boost)  
  140  11:43  Pylon  
  140  11:44  Probe x2  
  142  11:54  Carrier (Chrono Boost)  
  148  12:19  Tempest  
  153  12:26  Probe x2  
  153  12:27  Probe  
  156  12:37  Tempest  
  161  12:45  Photon Cannon  
  161  12:49  Photon Cannon  
  161  12:50  Stargate  
  161  12:57  Protoss Air Armor Level 2 (Chrono Boost)  
  161  12:58  Carrier  
  167  13:02  Tempest  
  170  13:36  Pylon  
  170  13:38  Pylon  
  170  13:41  Pylon  
  170  13:44  Photon Cannon  
  170  13:53  Tempest x2  
  180  14:02  Tempest  
  185  14:14  Mothership (Chrono Boost)  
  185  14:19  Robotics Facility  
  193  14:32  Protoss Shields Level 2 (Chrono Boost)  
  193  14:45  Tempest  
  193  14:50  Tempest x2  
  192  15:28  Tempest (Chrono Boost)  
  173  15:47  Observer  
  170  15:50  Stargate  
  170  15:54  Stargate  
  170  15:56  Carrier x3 (Chrono Boost)  
  170  15:57  Pylon  
  170  15:59  Pylon  
  188  16:09  Observer, Oracle (Chrono Boost)  
  192  16:21  Protoss Air Armor Level 3 (Chrono Boost)  
  192  16:39  Oracle  
  190  16:53  Carrier  
  196  17:08  Gateway  
  196  17:11  Gateway  
  196  17:15  Gateway  
  196  17:18  Gateway  
  196  17:21  Pylon  
  196  17:25  Pylon  
  196  17:30  Dark Shrine  
  196  17:42  Unknown  
  196  17:53  Nexus  
  196  18:16  Pylon  
  196  18:19  Pylon  
  196  18:40  Photon Cannon  
  196  18:43  Photon Cannon  
  196  18:45  Photon Cannon  
  196  18:46  Photon Cannon  
  196  18:50  Photon Cannon  
  196  18:51  Shield Battery  
  196  18:53  Shield Battery  
  196  18:57  Assimilator  
  196  19:02  Assimilator  
Show
View Real Time Build Order
Export as new Build Order

Chernomor Zerg - Winner!

Build Orders: Pool First, Lurkers 

Get SALT Encoding   

  12  0:00  Drone  
  13  0:12  Overlord  
  13  0:17  Drone  
  14  0:34  Drone  
  14  0:35  Drone  
  16  0:42  Drone  
  17  0:47  Drone  
  18  0:56  Spawning Pool  
  17  0:58  Extractor  
  16  1:43  Zergling x6  
  19  2:04  Queen  
  21  2:20  Hatchery, Drone x2  
  20  2:50  Drone  
  21  3:07  Overlord  
  21  3:21  Hatchery  
  21  3:25  Queen  
  22  3:37  Queen  
  22  3:38  Drone  
  22  3:39  Drone x6  
  31  3:46  Extractor  
  30  3:53  Evolution Chamber  
  29  4:06  Drone x6  
  29  4:07  Overlord  
  35  4:22  Overlord  
  35  4:23  Overlord  
  35  4:31  Zerg Missile Weapons Level 1  
  35  4:35  Hatchery, Lair  
  34  4:47  Spore Crawler  
  34  4:48  Spore Crawler  
  34  4:49  Drone x2  
  34  4:54  Spore Crawler  
  34  4:59  Spore Crawler  
  32  5:09  Drone x3  
  35  5:15  Drone  
  35  5:16  Drone  
  35  5:44  Drone  
  35  5:45  Drone x8  
  44  5:52  Queen  
  44  5:54  Drone  
  47  5:58  Hydralisk Den  
  47  6:00  Evolution Chamber  
  47  6:02  Drone  
  47  6:03  Drone  
  47  6:04  Drone  
  47  6:10  Queen  
  50  6:12  Drone  
  50  6:14  Drone  
  50  6:16  Drone  
  50  6:17  Drone  
  54  6:21  Drone x2  
  57  6:25  Drone x2  
  57  6:26  Drone  
  57  6:30  Drone x3  
  57  6:31  Drone  
  63  6:33  Drone  
  63  6:37  Zerg Ground Armor Level 1  
  64  6:41  Zerg Missile Weapons Level 2  
  64  6:45  Overlord  
  64  6:47  Overlord  
  64  7:00  Spore Crawler  
  64  7:01  Spore Crawler  
  62  7:06  Drone, Spore Crawler x2  
  62  7:07  Drone x11  
  72  7:14  Drone  
  72  7:15  Drone x5  
  78  7:27  Hydralisk  
  80  7:34  Overlord x3  
  73  7:59  Drone x9  
  73  8:00  Drone x10  
  92  8:16  Extractor  
  92  8:17  Grooved Spines  
  92  8:19  Hatchery, Overlord x5  
  90  8:22  Extractor  
  90  8:26  Extractor  
  88  8:27  Extractor  
  87  8:42  Hydralisk x10  
  107  8:52  Queen  
  107  8:53  Overlord x3  
  109  8:56  Infestation Pit  
  108  9:05  Drone x5  
  108  9:06  Drone x4  
  108  9:07  Drone  
  108  9:08  Drone x3  
  121  9:11  Extractor  
  121  9:12  Extractor  
  119  9:18  Hydralisk  
  119  9:19  Hydralisk x5  
  131  9:28  Queen, Muscular Augments  
  131  9:30  Hydralisk x2  
  137  9:33  Overlord  
  137  9:34  Overlord x2  
  111  9:55  Hydralisk x8  
  93  10:21  Zerg Ground Armor Level 2  
  93  10:23  Hive  
  93  10:30  Lurker Den  
  92  10:43  Queen  
  92  10:44  Extractor  
  92  10:45  Overlord  
  92  10:49  Extractor  
  92  11:06  Hydralisk x14  
  92  11:07  Hydralisk  
  122  11:12  Drone x2  
  122  11:17  Drone  
  122  11:18  Queen x2  
  125  11:19  Queen x2  
  133  11:38  Zerg Missile Weapons Level 3  
  133  11:39  Seismic Spines  
  133  11:45  Drone x7  
  133  11:46  Drone x8  
  148  11:54  Queen  
  150  12:04  Drone  
  150  12:05  Drone x9  
  160  12:11  Lurker x7  
  160  12:12  Lurker x4  
  171  12:36  Hatchery, Adaptive Talons  
  170  12:43  Overseer  
  170  12:44  Overseer x5  
  170  12:45  Pneumatized Carapace  
  170  12:47  Zerg Ground Armor Level 3  
  143  13:28  Hydralisk  
  143  13:29  Hydralisk x26  
  143  13:32  Overlord x4  
  195  14:13  Viper  
  195  14:54  Viper  
  179  15:15  Viper x3  
  179  15:16  Viper  
  179  15:17  Viper x2  
  185  15:58  Overseer x5  
  183  16:04  Evolution Chamber  
  183  16:10  Evolution Chamber  
  181  16:11  Evolution Chamber  
  181  16:12  Evolution Chamber  
  176  16:33  Hydralisk x3  
  176  16:34  Hydralisk x9  
  200  17:01  Evolution Chamber  
  200  17:05  Lurker  
  200  17:06  Evolution Chamber  
  168  18:31  Hydralisk x2  
  168  18:32  Hydralisk x14  
  158  19:13  Hydralisk x10  
  158  19:14  Hydralisk x14  
  158  19:16  Hydralisk x5  
  180  19:24  Evolution Chamber  
  187  19:25  Evolution Chamber  
  187  19:28  Lurker  
  187  19:29  Lurker x13  
Tags
 
Add a new tag
Caveats
  • Supply blocks, unpowered buildings, or Contaminate may cause inaccurate times.
  • Supply counts are checked every 10 seconds.